 Dungeon Crawl Stone Soup version 0.14-a0-987-gc8002fa (webtiles) character file.

248 4tharraofdagon the Slasher (level 6, -8/36 HPs)
             Began as a Halfling Abyssal Knight on Nov 21, 2013.
             Was a Believer of Lugonu.
             Mangled by Erolcha
             ... wielding a +10,+10 giant spiked club
              (33 damage)
             ... on Level 8 of the Dungeon.
             The game lasted 00:06:58 (1360 turns).

4tharraofdagon the Slasher (HaAK)                   Turns: 1360, Time: 00:06:58

HP  -8/36        AC  5     Str 16      XL: 6   Next:  6%
MP   8/8         EV 18     Int 12      God: Lugonu [**....]
Gold 48          SH  0     Dex 16      Spells:  0 memorised,  5 levels left

Res.Fire  : . . .   See Invis. : .   a - +2 falchion
Res.Cold  : . . .   Warding    : .   b - +0 leather armour
Life Prot.: + . .   Conserve   : .   (no shield)
Res.Poison: .       Res.Corr.  : .   (no helmet)
Res.Elec. : .       Clarity    : .   (no cloak)
Sust.Abil.: . .     Spirit.Shd : .   x - +0 pair of gloves
Res.Mut.  : .       Stasis     : .   e - +0 pair of orc boots
Res.Rott. : .       Flight     : .   (no amulet)
Saprovore : . . .                    B - ring of positive energy {unknown}
                                     v - +3 ring of evasion

@: mighty, very slightly contaminated, hasted and slowed, slightly resistant to
hostile enchantments, unstealthy
A: frail 1, mutation resistance 1, slow metabolism 1
a: Depart the Abyss, Bend Space, Renounce Religion


You were on level 8 of the Dungeon.
You worshipped Lugonu.
Lugonu was pleased with you.
You were not hungry.

You visited 1 branch of the dungeon, and saw 8 of its levels.
You visited the Abyss 1 time.

You collected 74 gold pieces.
You spent 26 gold pieces at shops.

Inventory:

Hand weapons
 a - a +2,+2 falchion (weapon)
 m - a cursed +0 blowgun
Missiles
 n - 9 poisoned needles
Armour
 b - a +0 leather armour (worn)
 e - a +0 pair of orcish boots (worn)
 x - a +0 pair of gloves (worn)
Magical devices
 p - a wand of polymorph (12)
 y - a wand of lightning (3)
Comestibles
 c - 2 bread rations
 o - 2 pears
 s - an apricot
 w - a meat ration
Scrolls
 i - 4 scrolls of identify {unknown}
 j - a scroll of random uselessness {unknown}
 k - a scroll of teleportation {unknown}
 l - a scroll of fear {unknown}
 q - a scroll of enchant weapon I {unknown}
 r - a scroll of fog {unknown}
 t - a scroll of remove curse {unknown}
 z - a scroll of curse jewellery {unknown}
Jewellery
 v - a +3 ring of evasion (left hand)
 B - a ring of positive energy (right hand) {unknown}
Potions
 d - a potion of curing
 f - a potion of speed


   Skills:
 + Level 3.2 Fighting
 * Level 3.8 Long Blades
 + Level 1.9 Armour
 + Level 3.6 Dodging
 + Level 2.9 Invocations


You had 5 spell levels left.
You didn't know any spells.

Dungeon Overview and Level Annotations

Branches:
Dungeon (8/16)
 Temple: D:4-7         Lair: D:8-11

Altars:
Cheibriados
Elyvilon

Shops:
D:4 *

Annotations:
D:8 Erolcha


Innate Abilities, Weirdness & Mutations

You are small and have problems with some larger weapons.
You are somewhat resistant to further mutation.
You have a slow metabolism.
You are frail (-10% HP).


Message History

You have reached level 6!
Your experience leads to an increase in your attributes!
Increase (S)trength, (I)ntelligence, or (D)exterity?
You feel stronger. The jackal misses you. The jackal closely misses you.
The jackal bites you.
Unknown command.
Unknown command.
You slash Erolcha!
Erolcha is lightly wounded.
The jackal completely misses you. The jackal closely misses you.
Erolcha hits you with a giant spiked club.
The jackal bites you but does no damage.
Unknown command.
You slash Erolcha!
Erolcha is heavily wounded.
The jackal barely misses you. The jackal bites you.
Erolcha hits you with a giant spiked club!
Ouch! That really hurt!
You die...

###.# #.# #...<..#
#.....#O#####......###
#######.....[.<.......
.≈≈≈≈≈≈≈..#...#########
#######..#...# h..h
#.###### ## ###.# #)O.#
#@### #...hh# #######


You could see Erolcha and 2 jackals.

Vanquished Creatures
  An ogre (D:8)
  A worker ant (D:4)
  Ijyb (D:7)
  2 adders
  5 giant geckos
  An orc (D:4)
  2 ball pythons
  7 bats
  5 hobgoblins
  A jackal (D:8)
  4 giant cockroaches
  3 giant newts
  5 goblins
  5 kobolds
  A rat (D:1)
44 creatures vanquished.

Notes
Turn   | Place    | Note
--------------------------------------------------------------
     0 | Abyss:1  | 4tharraofdagon, the Halfling Abyssal Knight, began the quest for the Orb.
     0 | Abyss:1  | Reached XP level 1. HP: 14/14 MP: 1/1
    26 | Abyss:1  | Noticed a ynoxinul
    30 | Abyss:1  | Noticed a small abomination
    48 | D:1      | Escaped the Abyss
   247 | D:1      | Reached XP level 2. HP: 16/19 MP: 2/2
   255 | D:1      | Reached skill level 1 in Armour
   257 | D:1      | Acquired Lugonu's first power
   409 | D:3      | Reached XP level 3. HP: 10/25 MP: 4/4
   653 | D:3      | Acquired Lugonu's second power
   748 | D:4      | Found Apnogiuf's General Store.
   771 | D:4      | Reached skill level 3 in Dodging
   795 | D:4      | Bought a potion of curing for 26 gold pieces
   873 | D:4      | Reached XP level 4. HP: 16/30 MP: 5/5
   962 | D:5      | Entered Level 5 of the Dungeon
  1080 | D:6      | Noticed Ijyb
  1100 | D:7      | Killed Ijyb
  1164 | D:7      | Reached XP level 5. HP: 35/35 MP: 7/7
  1180 | D:7      | Found a white marble altar of Elyvilon.
  1184 | D:7      | Found a snail-covered altar of Cheibriados.
  1230 | D:8      | Noticed an ice beast
  1332 | D:8      | Noticed an ogre
  1352 | D:8      | Noticed Erolcha
  1355 | D:8      | Gained mutation: You are frail (-10% HP). [potion of mutation]
  1358 | D:8      | Killed an ogre
  1358 | D:8      | Reached XP level 6. HP: 34/36 MP: 8/8
  1360 | D:8      | Mangled by Erolcha

Action                   |  1- 3 |  4- 6 || total
-------------------------+-------+-------++-------
Melee: Falchion          |   103 |    51 ||   154
Invok: Depart the Abyss  |     1 |       ||     1
Evoke: Wand              |     1 |     1 ||     2
  Use: Potion            |     2 |     7 ||     9
 Stab: Sleeping          |     1 |       ||     1
